 Dungeon Sprint DCSS version 0.17-a0-1636-g3119f2b (webtiles) character file.

564 Kidiri the Protected (level 7, -21/66 HPs)
             Began as a Minotaur Fighter on Aug 6, 2015.
             Was a Believer of Okawaru.
             Demolished by Sonja
             ... wielding a +0 short sword of distortion
              (24 damage)
             ... in the Dungeon (Sprint VII: "The Pits").
             The game lasted 00:03:06 (431 turns).

Kidiri the Protected (Minotaur Fighter)              Turns: 431, Time: 00:03:06

Health: -21/66     AC: 14    Str: 23    XL:     7   Next: 10%
Magic:  9/9        EV:  9    Int:  5    God:    Okawaru [**....]
Gold:   0          SH: 11    Dex:  9    Spells: 0 memorised, 6 levels left

rFire  . . .     SeeInvis .     a - +0 war axe
rCold  . . .     Clarity  .     s - +3 chain mail
rNeg   . . .     SustAt   .     c - +0 shield
rPois  .         Gourm    .     (helmet restricted)
rElec  .         Spirit   .     (no cloak)
rCorr  .         Warding  .     (no gloves)
rMut   .         NoTele   +     (no boots)
MR     .....                    (no amulet)
Stlth  ..........               (no ring)
                                (no ring)

@: weakened, slowed, very slow, not resistant to hostile enchantments, extremely
unstealthy
A: retaliatory headbutt, horns 2
a: Heroism, Renounce Religion


You were in the Dungeon.
You worshipped Okawaru.
Okawaru was pleased with you.
You were not hungry.

You visited 1 branch

Inventory:

Hand weapons
 a - a +0 war axe (weapon)
Armour
 c - a +0 shield (worn)
 s - a +3 chain mail (worn)
Scrolls
 k - a scroll of blinking
 p - 3 scrolls of remove curse
 q - 5 scrolls of amnesia
Potions
 d - a potion of might
 f - 4 potions of curing
 g - 5 potions of heal wounds
 h - a potion of haste
 i - 4 potions of magic
 j - 3 potions of berserk rage
 o - 2 potions of invisibility
Comestibles
 e - 8 bread rations
 l - 8 chunks of flesh
 m - 40 fruits
 n - 7 meat rations


   Skills:
 + Level 7.0 Fighting
 * Level 9.0 Axes
 * Level 9.5 Armour
 + Level 5.2 Dodging
 * Level 9.4 Shields
 + Level 4.8 Invocations


You had 6 spell levels left.
You didn't know any spells.

Dungeon Overview and Level Annotations

Branches:
Dungeon (1/1)

Altars:
Ashenzari
Cheibriados
Dithmenos
Elyvilon
Fedhas
Gozag
Kikubaaqudgha
Makhleb
Nemelex Xobeh
Okawaru
Qazlal
Ru
Sif Muna
Trog
Vehumet
Xom
Yredelemnul
Zin
The Shining One
Beogh
Jiyva
Lugonu

Annotations:
D Sonja


Innate Abilities, Weirdness & Mutations

You reflexively headbutt those who attack you in melee.
You have a pair of horns on your head.


Message History

* * * LOW HITPOINT WARNING * * *
Sonja hits you but does no damage. The orange demon stings you.
* * * LOW HITPOINT WARNING * * *
The orange demon hits you but does no damage.
Sonja closely misses you. You furiously retaliate!
You headbutt Sonja! You block Sonja's attack. Sonja closely misses you.
Read which item? (? for menu, Esc to quit)
Okay, then.
Unknown command.
Read which item? (? for menu, Esc to quit)
As you read the scroll of summoning, it crumbles to dust.
Wisps of shadow whirl around you... You block Sonja's attack.
Sonja hits you but does no damage. x2
Space bends around you.
* * * LOW HITPOINT WARNING * * *
You block the orange demon's attack.
The orange demon hits you but does no damage.
Sonja hits you but does no damage.
You feel a strange sense of stasis. Sonja hits you but does no damage.
Space warps horribly around you!
You die...

#.#.....#+###...<...#
#.#........##.......#
#.#........##.......#
#'###########.......#
#รท......#..##########
#..###..#)######
#.......#.#....#
##.###.##+#.x..#
#.......#K@....+
#..###..#+#4...#
#.......'.#....#
################


You could see an orange demon, Sonja and a friendly small abomination.

Vanquished Creatures
  A wolf (D)
  A porcupine (D)
  Blork the orc (D)
  2 brain worms (D)
  A gnoll sergeant (D)
  A worker ant (D)
  2 gnolls (D)
  A river rat (D)
  An ufetubus (D)
  2 worms (D)
  2 bats (D)
  2 giant cockroaches (D)
  2 quokkas (D)
  A quokka zombie (D)
  2 rats (D)
22 creatures vanquished.

Notes
Turn   | Place    | Note
--------------------------------------------------------------
     0 | D        | Kidiri the Minotaur Fighter began the quest for the Orb.
     0 | D        | Reached XP level 1. HP: 19/19 MP: 0/0
    27 | D        | Found a sacrificial altar of Ru.
    27 | D        | Found a basalt altar of Yredelemnul.
    27 | D        | Found a shadowy altar of Dithmenos.
    27 | D        | Found a deep blue altar of Sif Muna.
    27 | D        | Found a burning altar of Makhleb.
    27 | D        | Found a shimmering altar of Xom.
    27 | D        | Found an ancient bone altar of Kikubaaqudgha.
    27 | D        | Found a sparkling altar of Nemelex Xobeh.
    28 | D        | Found a glowing golden altar of the Shining One.
    28 | D        | Found a bloodstained altar of Trog.
    28 | D        | Found a shattered altar of Ashenzari.
    28 | D        | Found a white marble altar of Elyvilon.
    28 | D        | Found a snail-covered altar of Cheibriados.
    28 | D        | Found a blossoming altar of Fedhas.
    28 | D        | Found a radiant altar of Vehumet.
    28 | D        | Found a glowing silver altar of Zin.
    28 | D        | Found a corrupted altar of Lugonu.
    28 | D        | Found a viscous altar of Jiyva.
    28 | D        | Found a roughly hewn altar of Beogh.
    28 | D        | Found an iron altar of Okawaru.
    34 | D        | Found a stormy altar of Qazlal.
    35 | D        | Found an opulent altar of Gozag.
    37 | D        | Became a worshipper of Warmaster Okawaru
    75 | D        | Noticed a brain worm
    80 | D        | Killed a brain worm
    80 | D        | Acquired Okawaru's first power
    80 | D        | Reached skill level 4 in Fighting
    80 | D        | Reached skill level 5 in Armour
    80 | D        | Reached skill level 5 in Shields
    80 | D        | Reached XP level 2. HP: 25/28 MP: 0/2
    80 | D        | Reached XP level 3. HP: 31/35 MP: 0/3
    80 | D        | Reached XP level 4. HP: 36/41 MP: 0/4
   127 | D        | Reached skill level 5 in Axes
   151 | D        | Reached skill level 6 in Armour
   251 | D        | Noticed a porcupine
   251 | D        | Noticed a wolf
   252 | D        | Noticed a brain worm
   255 | D        | Killed a brain worm
   255 | D        | Reached skill level 5 in Fighting
   255 | D        | Reached skill level 7 in Armour
   255 | D        | Reached XP level 5. HP: 44/48 MP: 4/6
   259 | D        | Killed a porcupine
   259 | D        | Reached skill level 8 in Armour
   267 | D        | Killed a wolf
   267 | D        | Reached XP level 6. HP: 37/58 MP: 5/8
   285 | D        | Noticed a worker ant
   295 | D        | Killed a worker ant
   295 | D        | Reached skill level 9 in Armour
   384 | D        | Noticed a gnoll sergeant
   393 | D        | Killed a gnoll sergeant
   393 | D        | Reached skill level 5 in Dodging
   412 | D        | Noticed Blork the orc
   412 | D        | Noticed Sonja
   412 | D        | Noticed an orange demon
   421 | D        | Killed Blork the orc
   421 | D        | Reached XP level 7. HP: 60/66 MP: 9/9
   431 | D        | HP: 3/66 [Sonja/uncursed short sword of distortion (6)]
   431 | D        | Demolished by Sonja

Vault maps used:
D:        pitsprint

Action                   |  1- 3 |  4- 6 |  7- 9 || total
-------------------------+-------+-------+-------++-------
Melee: War axe           |     6 |    63 |     4 ||    73
Invok: Heroism           |       |     1 |       ||     1
  Use: Potion            |       |       |     3 ||     3
       Scroll            |       |       |     1 ||     1
